 Dungeon Crawl Stone Soup version 0.18-a0-943-g2c08dd4 (webtiles) character file.

7567 st0uf the Carver (level 11, -13/86 HPs)
             Began as a Formicid Fighter on Dec 28, 2015.
             Was a High Priest of Makhleb.
             Killed from afar by an ice statue (17 damage)
             ... with a freezing blast
             ... in an ice cave.
             The game lasted 01:00:18 (9681 turns).

st0uf the Carver (Formicid Fighter)                 Turns: 9681, Time: 01:00:19

Health: -13/86     AC: 15    Str: 24    XL:     11   Next: 39%
Magic:  11/11      EV:  7    Int:  8    God:    Makhleb [*****.]
Gold:   397        SH: 12    Dex: 10    Spells: 0 memorised, 10 levels left

rFire  . . .     SeeInvis +     E - +0 double sword
rCold  . . .     Gourm    .     D - +0 plate armour
rNeg   . . .     Faith    .     c - +0 shield
rPois  .         Spirit   .     (helmet unavailable)
rElec  .         Dismiss  .     m - +0 cloak
rCorr  +         Reflect  .     (no gloves)
SustAt .         Harm     .     (no boots)
MR     +....                    u - amulet of resist corrosion
Stlth  ..........               (no ring)
                                (no ring)

@: somewhat resistant to hostile enchantments, extremely unstealthy
A: permanent stasis, dig shafts and tunnels, four strong arms, antennae 3
a: Dig, Shaft Self, Minor Destruction, Lesser Servant of Makhleb, Major
Destruction, Greater Servant of Makhleb, Renounce Religion


You were in an ice cave.
You worshipped Makhleb.
Makhleb was extremely pleased with you.
You were near starving.

You visited 2 branches of the dungeon, and saw 10 of its levels.
You also visited: Ice Cave.

You collected 397 gold pieces.

Inventory:

Hand Weapons
 a - a +0 long sword
 E - a +0 double sword (weapon)
Armour
 c - a +0 shield (worn)
 m - a +0 cloak (worn)
 D - a +0 plate armour (worn)
Jewellery
 s - an uncursed amulet of faith
 u - an amulet of resist corrosion (around neck)
Wands
 d - a wand of lightning (4/15)
 n - a wand of random effects (24/48)
 B - a wand of flame (3/48)
 F - a wand of random effects (19/48)
 L - a wand of cold (9/15)
Scrolls
 g - 9 scrolls of remove curse
 h - a scroll of noise {unknown}
 i - 2 scrolls of immolation {unknown}
 k - 2 scrolls of random uselessness {unknown}
 o - 5 scrolls of identify
 p - a scroll of blinking {unknown}
 q - 2 scrolls of fear {unknown}
 w - a scroll of magic mapping
 y - 2 scrolls of fog {unknown}
 z - a scroll of teleportation {unknown}
 C - a scroll of enchant weapon {unknown}
 J - a scroll of recharging {unknown}
 K - a scroll of summoning {unknown}
Potions
 b - a potion of berserk rage {unknown}
 e - 2 potions of curing {unknown}
 j - a potion of invisibility {unknown}
 l - a potion of mutation {unknown}
 r - 2 potions of cancellation
 t - 2 potions of resistance
 v - 4 potions of flight
 x - a potion of poison {unknown}
 A - a potion of degeneration {unknown}
 I - a potion of magic {unknown}
Comestibles
 f - 12 bread rations
 G - a beef jerky


   Skills:
 + Level 8.0 Fighting
 * Level 11.2 Long Blades
 + Level 8.5 Armour
 + Level 10.5 Shields


You had 10 spell levels left.
You didn't know any spells.

Dungeon Overview and Level Annotations

Branches:
Dungeon (9/15)             Temple (0/1) D:6            Lair (0/8) D:9
    Orc (1/2) D:9

Altars:
Cheibriados
Fedhas
Gozag
Makhleb
Okawaru
Pakellas
Qazlal
Sif Muna
Trog
Vehumet
Xom
Yredelemnul

Shops:
D:7 :   D:9 *

Annotations:
D:5 Chiseanne's ghost, novice SpAs IceCv exclusion: ice statue


Innate Abilities, Weirdness & Mutations

You are under a permanent stasis effect.
You can dig through walls and to a lower floor.
Your four strong arms can wield two-handed weapons with a shield.
You have a pair of large antennae on your head (SInv).


Message History

You extend your mandibles.
You dig through the ice covered rock wall.
You retract your mandibles.
You hit the ice statue.
The ice statue is lightly damaged.
Drink which item? (? for menu, Esc to quit)
Okay, then.
Read which item? (? for menu, Esc to quit)
Okay, then.
You hit the ice statue but do no damage.
The ice statue is lightly damaged.
You hit the ice statue.
The ice statue is lightly damaged.
The ice beast hits you but does no damage.
You closely miss the ice beast. The ice beast hits you.
* * * LOW HITPOINT WARNING * * *
The ice beast freezes you!
* * * LOW HITPOINT WARNING * * *
The ice statue throws cold at you. The freezing blast engulfs you!
You die...

##.#.###.....## ####
##....§..#####.# ##..##
#.......####...####....##
#........##....##.......#
#....§..§...#.......∩.∩.#
##....§....###..........#
#.....§.###..#..##....##
#......#Y..≈≈######..##
#.....Y8@#§≈≈≈≈# ####
##.....##≈≈##≈≈≈≈≈
##....#§§## ##≈≈≈≈ ##..
#§## #≈≈≈ #... §≈ #≈≈
#... #§# { ≈≈ ##.. §≈ {


You could see an ice statue and 2 ice beasts.

Vanquished Creatures
  Psyche (D:8)
  An ice statue (IceCv)
  2 trolls
  A spriggan (D:7)
  A wyvern (D:8)
  13 yaks (D:8)
  2 hippogriffs (D:9)
  3 sky beasts
  A black bear (D:9)
  3 orc warriors
  A porcupine (D:9)
  5 centaurs
  2 ogres
  3 crocodiles
  7 giant frogs
  Blork the orc (D:5)
  4 jellies
  4 scorpions
  12 killer bees
  3 crimson imps (D:8)
  5 orc wizards
  2 giant frog skeletons
  2 hounds
  4 orc priests
  4 iguanas
  A centaur zombie (D:7)
  A centaur skeleton (D:7)
  4 worker ants
  A killer bee zombie (D:6)
  A hound zombie (D:7)
  A hound skeleton (D:5)
  3 gnolls (D:9)
  3 river rats (D:8)
  7 adders
  3 shadow imps
  8 white imps (IceCv)
  3 ufetubi (IceCv)
  2 oozes
  4 worms
  5 giant geckos
  29 orcs
  2 ball pythons
  8 bats
  5 giant cockroaches
  12 goblins
  5 hobgoblins
  17 jackals
  9 kobolds
  4 quokkas
  A giant gecko skeleton (D:4)
  A giant gecko zombie (D:7)
  9 giant newts
  A jackal skeleton (D:6)
  8 rats
245 creatures vanquished.

Vanquished Creatures (others)
  An ufetubus (IceCv)
  A jackal (D:8)
  A fungus (D:9)
  6 plants (D:9)
9 creatures vanquished.

Grand Total: 254 creatures vanquished

Notes
Turn   | Place    | Note
--------------------------------------------------------------
     0 | D:1      | st0uf the Formicid Fighter began the quest for the Orb.
     0 | D:1      | Reached XP level 1. HP: 18/18 MP: 1/1
    88 | D:1      | Reached XP level 2. HP: 24/24 MP: 2/2
   563 | D:1      | Reached XP level 3. HP: 28/30 MP: 3/3
   652 | D:2      | Found a burning altar of Makhleb.
   657 | D:2      | Found a radiant altar of Vehumet.
   674 | D:2      | Became a worshipper of Makhleb the Destroyer
  1000 | D:2      | Found a shimmering altar of Xom.
  1026 | D:2      | Reached skill level 4 in Shields
  1026 | D:2      | Reached XP level 4. HP: 25/37 MP: 4/4
  1244 | D:2      | Found an iron altar of Okawaru.
  1250 | D:2      | Found a bloodstained altar of Trog.
  1336 | D:2      | Reached * piety under Makhleb
  1831 | D:3      | Found a snail-covered altar of Cheibriados.
  2051 | D:3      | Reached ** piety under Makhleb
  2051 | D:3      | Reached XP level 5. HP: 42/42 MP: 5/5
  2094 | D:3      | Found a stormy altar of Qazlal.
  2664 | D:4      | Reached XP level 6. HP: 14/48 MP: 6/6
  2995 | D:4      | Found a basalt altar of Yredelemnul.
  3037 | D:4      | Reached skill level 5 in Shields
  3124 | D:4      | Reached XP level 7. HP: 12/55 MP: 7/7
  3685 | D:5      | Entered Level 5 of the Dungeon
  3695 | D:5      | Noticed Blork the orc
  3702 | D:5      | Killed Blork the orc
  3702 | D:5      | Reached skill level 5 in Armour
  3880 | D:5      | Noticed Chiseanne's ghost (novice SpAs)
  3935 | D:6      | Reached skill level 5 in Long Blades
  4103 | D:6      | Reached *** piety under Makhleb
  4167 | D:6      | Found an oddly glowing altar of Pakellas.
  4261 | D:6      | Found a staircase to the Ecumenical Temple.
  4575 | D:6      | Reached XP level 8. HP: 57/61 MP: 8/8
  4661 | D:6      | Reached skill level 6 in Shields
  4746 | D:7      | Noticed a spriggan baker
  4779 | D:7      | Killed a spriggan baker
  4779 | D:7      | Reached skill level 5 in Fighting
  5216 | D:7      | Noticed a troll
  5335 | D:7      | Found an opulent altar of Gozag.
  5401 | D:7      | Reached skill level 7 in Shields
  5727 | D:7      | Reached XP level 9. HP: 68/68 MP: 9/9
  5948 | D:7      | Reached **** piety under Makhleb
  6269 | D:7      | Found Kebity's Book Shop.
  6470 | D:7      | Reached skill level 8 in Shields
  6561 | D:8      | Noticed Psyche
  6579 | D:8      | Killed Psyche
  6862 | D:8      | Found a blossoming altar of Fedhas.
  7423 | D:8      | Reached XP level 10. HP: 61/77 MP: 10/10
  7490 | D:8      | Reached ***** piety under Makhleb
  7652 | D:8      | Reached skill level 9 in Shields
  8038 | D:9      | Found a staircase to the Lair.
  8564 | D:8      | Reached skill level 10 in Long Blades
  8584 | D:8      | Reached skill level 10 in Shields
  8736 | D:8      | Reached XP level 11. HP: 61/84 MP: 11/11
  9167 | D:9      | Found Wetufa's Assorted Antiques.
  9274 | D:9      | Reached skill level 11 in Long Blades
  9344 | D:9      | Found a staircase to the Orcish Mines.
  9483 | D:9      | Found a deep blue altar of Sif Muna.
  9527 | Orc:1    | Entered Level 1 of the Orcish Mines
  9550 | Orc:1    | Found a frozen archway.
  9559 | IceCv    | Entered an ice cave
  9681 | IceCv    | HP: 4/86 [ice beast[an ice statue] (8)]
  9681 | IceCv    | Killed from afar by an ice statue

Vault maps used:
D:1:      dpeg_arrival_tiny_h
D:2:      grunt_temple_overflow_open, nicolae_overflow_hidden_temple,
          xom_butterflies
D:3:      old_standard_altar, nicolae_qazlal_eye_of_the_storm
D:4:      kennysheep_little_box, first_bread
D:5:      lemuel_round_altar, grunt_ministairs_7, nicolae_ru_awakened_eye,
          uniq_pikel, uniq_blork_the_orc
D:6:      kennysheep_mini_moat, minmay_temple_entry_large_hall
D:7:      lemuel_coloured_pillars_altar, serial_shops, nicolae_shop_crystal,
          the_bakery, minmay_misc_feat_hallway
D:8:      overflow_temple_1_default, st_stairs_7, uniq_psyche
D:9:      led_sif_pool, minmay_lair_entry_grove, orc_0_dummy, serial_shops,
          nicolae_shop_crystal
Orc:1:    portal_ice_cave_entry_pillars_02, mines2_lemuel
IceCv:    ice_cave_small_demon

Action                   |  1- 3 |  4- 6 |  7- 9 | 10-12 || total
-------------------------+-------+-------+-------+-------++-------
Melee: Long sword        |   116 |   211 |   609 |   362 ||  1298
       Double sword      |       |       |       |    96 ||    96
 Abil: Dig               |     2 |     3 |     3 |     7 ||    15
  Use: Scroll            |       |       |     6 |     3 ||     9
       Potion            |       |       |     3 |       ||     3
 Stab: Distracted        |     1 |       |     1 |       ||     2
  Eat: Chunk             |     1 |     7 |     8 |     8 ||    24
       Meat ration       |       |       |     1 |       ||     1
       Beef jerky        |       |       |     1 |       ||     1
